 Dungeon Crawl Stone Soup version 0.24-a0-250-g6074511 (webtiles) character file.

Game seed: 11062570284142116589

21662 shukka the Thaumaturge (level 12, -13/89 HPs)
             Began as a Mummy Wizard on Apr 14, 2019.
             Was an Initiate of Gozag.
             Mangled by an orc warrior
             ... wielding a +0 dire flail
              (18 damage)
             ... on level 2 of the Orcish Mines.
             The game lasted 02:49:29 (19109 turns).

shukka the Thaumaturge (Mummy Wizard)              Turns: 19109, Time: 02:49:30

Health: -13/89     AC: 16    Str: 12    XL:     12   Next: 56%
Magic:  20/30      EV: 11    Int: 21    God:    Gozag
Gold:   1631       SH:  0    Dex: 10    Spells: 13/39 levels left

rFire    + . .     SeeInvis +   d - +10 trident of Trial by Ordeal {freeze, *Slow rF+ rN+ SInv}
rCold    + . .     Gourm    .   (no shield)
rNeg     + + +     Faith    .   H - +3 ring mail {rF+}
rPois    ∞         Spirit   .   c - +0 helmet
rElec    .         Reflect  .   a - +2 cloak
rCorr    .         Harm     .   l - +0 pair of gloves
MR       +....                  (no boots)
Stlth    +.........             (no amulet)
HPRegen  0.24/turn              g - ring of wizardry
MPRegen  0.22/turn              q - +1 ring of protection

@: gold aura, very slightly contaminated
A: no food or potions, fire vulnerability, cold resistance 1, negative energy
resistance 3, torment resistance, unbreathing
a: Potion Petition, Call Merchant, Bribe Branch, Renounce Religion


You were on level 2 of the Orcish Mines.
You worshipped Gozag.
Gozag was most pleased with you.
You were not hungry.

You visited 3 branches of the dungeon, and saw 14 of its levels.
You also visited: Volcano.

You collected 3174 gold pieces.
You spent 1 gold pieces at shops.
You paid 1542 gold pieces to Gozag.

Inventory:

Hand Weapons
 d - the +10 trident of Trial by Ordeal (weapon) {freeze, *Slow rF+ rN+ SInv}
   (You found it on level 8 of the Dungeon)

   It has been specially enchanted to freeze those struck by it, causing extra
   injury to most foes and up to half again as much damage against particularly
   susceptible opponents.
   It can also slow down cold-blooded creatures.
   It protects you from fire.
   It protects you from negative energy.
   It lets you see invisible.
   It may slow you when you take damage.
 r - a -2 demon trident
 B - a +1 shortbow of flaming
 D - a +0 arbalest of flaming
 G - a +0 fustibalus of flaming
Missiles
 j - 7 tomahawks of returning
 w - 3 throwing nets (quivered)
 C - 66 arrows
 E - 37 bolts
Armour
 a - a +2 cloak (worn)
 c - a +0 helmet (worn)
 l - a +0 pair of gloves (worn)
 z - a +2 robe of cold resistance
 H - a +3 ring mail of fire resistance (worn)
Magical Staves
 A - an uncursed staff of power
Jewellery
 g - a ring of wizardry (left hand)
 h - the ring "Extenkuzau" {rPois Int+3}
   (You found it on level 10 of the Dungeon)

   [ring of poison resistance]

   It affects your intelligence (+3).
   It protects you from poison.
 q - a +1 ring of protection (right hand)
 u - an uncursed ring of magical power
 y - an uncursed ring of ice
Wands
 m - a wand of random effects (51)
 s - a wand of flame (7)
 t - a wand of disintegration (21)
Scrolls
 b - a scroll of immolation
 e - a scroll of amnesia
 f - 3 scrolls of remove curse
 i - 4 scrolls of teleportation
 k - a scroll of enchant weapon
 n - a scroll of random uselessness
 o - a scroll of fear
 p - a scroll of summoning
 v - a scroll of magic mapping {unknown}
 F - a scroll of identify
Miscellaneous
 x - a phantom mirror


   Skills:
 + Level 6.8 Fighting
 - Level 6.0 Polearms
 + Level 7.8 Armour
 - Level 3.3 Dodging
 - Level 1.5 Stealth
 + Level 14.3 Spellcasting
 - Level 5.9 Conjurations
 - Level 3.1 Hexes
 - Level 0.7 Summonings
 - Level 3.0 Translocations
 - Level 0.7 Fire Magic
 - Level 0.6 Air Magic
 - Level 4.0 Poison Magic


You had 13 spell levels left.
You knew the following spells:

 Your Spells              Type           Power        Failure   Level  Hunger
a - Magic Dart            Conj           ####         1%          1    N/A
b - Call Imp              Summ           ###.....     4%          2    N/A
c - Blink                 Tloc           N/A          1%          2    N/A
d - Mephitic Cloud        Conj/Pois/Air  ####....     2%          3    N/A
e - Conjure Flame         Conj/Fire      ####....     2%          3    N/A
f - Fulminant Prism       Conj/Hex       ####......   5%          4    N/A
g - Force Lance           Conj/Tloc      ####....     5%          4    N/A
h - Slow                  Hex            ####....     1%          2    N/A
i - Venom Bolt            Conj/Pois      #####.....   12%         5    N/A

Your spell library contained the following spells:

 Spells                   Type           Power        Failure   Level  Hunger
 Searing Ray              Conj           #####.       1%          2    N/A
 Dazzling Spray           Conj/Hex       ####..       1%          3    N/A
 Iskenderun's Mystic Bla  Conj           #####...     2%          4    N/A
 Iskenderun's Battlesphe  Conj/Chrm      ####....     26%         5    N/A
 Bolt of Magma            Conj/Fire/Erth ###.......   34%         5    N/A
 Iron Shot                Conj/Erth      ####......   80%         6    N/A
 Orb of Destruction       Conj           #####.....   91%         7    N/A
 Spellforged Servitor     Conj/Summ      ####......   99%         7    N/A

Dungeon Overview and Level Annotations

Branches:
Dungeon (11/15)            Temple (1/1) D:4             Orc (2/2) D:10
    Elf (0/3) Orc:2
   Lair: D:8-11

Altars:
Ashenzari
Cheibriados
Dithmenos
Elyvilon
Fedhas
Gozag
Hepliaklqana
Kikubaaqudgha
Makhleb
Nemelex Xobeh
Okawaru
Qazlal
Ru
Sif Muna
Trog
Uskayaw
Vehumet
Wu Jian
Xom
Yredelemnul
Zin
The Shining One
Beogh

Shops:
D:6 *   Orc:2 ?%%

Annotations:
D:3 2 transporters, Axe's ghost, amateur HOAK
D:8 exclusion: ice statue
D:10 Harold


Innate Abilities, Weirdness & Mutations

You do not eat or drink.
Your flesh is vulnerable to fire.
You are immune to poison.
Your flesh is cold resistant. (rC+)
You are immune to negative energy. (rN+++)
You are immune to unholy pain and torment.
You can survive without breathing.


Message History

The orc sorcerer hits you but does no damage.
The orc warrior hits you with a +0 dire flail!
* * * LOW HITPOINT WARNING * * *
You can move again.
Casting: Fulminant Prism (safe; 5% risk of failure)
Confirm with . or Enter, or press ? or * to list all spells.
You blink.
The orc sorcerer closely misses you. The sixfirhy barely misses you.
Casting: Blink (safe; 1% risk of failure)
Confirm with . or Enter, or press ? or * to list all spells.
You miscast Blink.
You are very lightly contaminated with residual magic.
Nothing appears to happen.
The sixfirhy completely misses you.
The sixfirhy barely misses you. x2; The orc sorcerer barely misses you.
The sixfirhy hits you.
* * * LOW HITPOINT WARNING * * *
The sixfirhy shocks you!
* * * LOW HITPOINT WARNING * * *
The orc warrior hits you with a +0 dire flail!!
You die...
Your body crumbles into a pile of gold.

.)###...##
##.).###.......#
.###(#.##
##.#.###.).....
###...## .
##[..###.#....
.###.#.# ..
##.#.## ##.....
..###.$.##..
##.).## #......
...### *5##..
##...## ##..#..
....# .3o# ..
##.§.## ###...
.....#
...#.#.#3o.##
##.. ......#
#......$@o## ##.
.......
#.#...#.## ##
....... #.....##
....... ##...# #
....... # .# #
...... ## #
..... ..>.. #
..... $ #


You could see a sixfirhy, an orc sorcerer and an orc warrior.

Vanquished Creatures
  Snorg (Orc:2)
  Fannar (D:10)
  A hydra (D:10)
  A centaur warrior (Volcano)
  4 orc high priests (Orc:2)
  A hell knight (Volcano)
  A sun demon (Orc:2)
  4 orc knights (Orc:2)
  A cyclops (Orc:1)
  An ugly thing (D:10)
  An orc sorcerer (Orc:2)
  A rust devil (Orc:2)
  2 orange demons (Orc:2)
  A molten gargoyle (Volcano)
  A gargoyle (D:10)
  2 yaktaurs (Volcano)
  A komodo dragon (D:10)
  2 trolls
  6 hippogriffs
  A neqoxec (Orc:2)
  5 fire bats (Volcano)
  A chaos spawn (Orc:2)
  A warg (Orc:2)
  A water moccasin (D:8)
  A sky beast (D:8)
  An ice beast (D:10)
  27 orc warriors
  8 ogres
  An eye of draining (D:10)
  5 centaurs
  A big kobold (D:8)
  2 bullfrogs
  A scorpion (D:10)
  A wyvern skeleton (D:10)
  4 killer bees (D:10)
  6 wights
  3 howler monkeys (D:9)
  3 crimson imps
  7 lava snakes (Volcano)
  A hound (D:9)
  A centaur skeleton (D:8)
  12 orc wizards
  18 orc priests
  A bullfrog skeleton (D:9)
  An iguana (D:10)
  6 worker ants
  A hound skeleton (D:8)
  A howler monkey zombie (D:8)
  4 adders
  A gnoll (D:2)
  A shadow imp (D:6)
  2 adder zombies
  A dart slug (D:1)
  A leopard gecko (D:5)
  46 orcs
  6 bats
  3 giant cockroaches
  3 hobgoblins
  4 jackals
  3 kobolds
  A quokka (D:5)
  4 frilled lizards
  5 goblins (D:1)
  A quokka skeleton (D:9)
  4 rats
245 creatures vanquished.

Vanquished Creatures (collateral kills)
  An orc knight (Orc:2)
  A red devil (Orc:2)
  Grinder (D:3)
  A fire bat (Volcano)
  An ice beast (D:4)
  2 orc warriors (Orc:2)
  2 phantoms (D:5)
  2 ogres
  2 sky beasts
  2 bullfrogs
  A scorpion (D:5)
  A killer bee (D:10)
  4 howler monkeys
  3 crimson imps
  A jelly (D:5)
  A bullfrog zombie (D:9)
  4 hounds
  A bullfrog skeleton (D:9)
  2 centaur skeletons
  5 orc priests
  7 orc wizards
  3 worker ants
  Ijyb (D:3)
  A hound skeleton (D:5)
  A howler monkey zombie (D:6)
  5 gnolls
  8 adders
  An adder skeleton (D:4)
  4 worms
  A dart slug (D:2)
  2 leopard geckos
  13 orcs
  A bat (D:1)
  6 giant cockroaches
  4 goblins
  3 hobgoblins
  5 jackals
  2 quokkas
  A ball python (D:3)
  2 frilled lizards (D:2)
  2 kobolds
  2 rats
113 creatures vanquished.

Vanquished Creatures (others)
  145 fulminant prisms
145 creatures vanquished.

Grand Total: 503 creatures vanquished

Notes
Turn   | Place    | Note
-------+----------+-------------------------------------------
     0 | D:1      | shukka the Mummy Wizard began the quest for the Orb.
     0 | D:1      | Reached XP level 1. HP: 13/13 MP: 5/5
    91 | D:1      | Reached skill level 1 in Conjurations
   187 | D:1      | Reached XP level 2. HP: 20/20 MP: 4/7
   191 | D:1      | Learned a level 2 spell: Call Imp
   194 | D:1      | Learned a level 2 spell: Blink
   350 | D:1      | Reached skill level 1 in Fighting
   797 | D:1      | Reached XP level 3. HP: 26/26 MP: 5/9
   828 | D:1      | Upgraded the game from 0.24-a0-249-g2af7e83 to
                  | 0.24-a0-250-g6074511
   832 | D:1      | Learned a level 3 spell: Mephitic Cloud
   836 | D:1      | Learned a level 3 spell: Conjure Flame
  1443 | D:2      | Reached XP level 4. HP: 23/33 MP: 0/10
  1788 | D:2      | Found a radiant altar of Vehumet.
  1788 | D:2      | Found a glowing silver altar of Zin.
  1931 | D:3      | Noticed Grinder
  1941 | D:3      | Paralysed by Grinder for 6 turns
  1985 | D:3      | Reached skill level 5 in Spellcasting
  2234 | D:3      | Noticed Axe's ghost (amateur HOAK)
  2235 | D:3      | Noticed an ogre
  2236 | D:3      | Found a transporter.
  2249 | D:3      | Identified the +7 dire flail of Vagitin {pain, rPois}
  2249 | D:3      | Noticed an ogre
  2345 | D:3      | Found a transporter.
  2839 | D:3      | Paralysed by Grinder for 3 turns
  2847 | D:3      | Paralysed by Grinder for 6 turns
  2854 | D:3      | Killed Grinder
  2854 | D:3      | Reached XP level 5. HP: 29/41 MP: 2/13
  3004 | D:3      | Noticed Ijyb
  3017 | D:3      | Killed Ijyb
  3017 | D:3      | Reached XP level 6. HP: 38/47 MP: 10/14
  3487 | D:4      | Noticed an ice beast
  3783 | D:5      | Entered Level 5 of the Dungeon
  3892 | D:4      | Killed an ice beast
  4113 | D:4      | Found a staircase to the Ecumenical Temple.
  4125 | Temple   | Entered the Ecumenical Temple
  4154 | Temple   | Became a worshipper of Gozag Ym Sagoz the Greedy
  4297 | D:4      | Reached skill level 6 in Spellcasting
  4482 | D:4      | Reached skill level 1 in Polearms
  4482 | D:4      | Reached skill level 1 in Armour
  4652 | D:4      | Found an iron altar of Okawaru.
  4828 | D:5      | Reached XP level 7. HP: 24/52 MP: 8/16
  5706 | D:5      | Reached skill level 7 in Spellcasting
  5952 | D:5      | Reached XP level 8. HP: 48/58 MP: 8/19
  6457 | D:6      | Noticed a hippogriff
  6484 | D:6      | Killed a hippogriff
  6697 | D:6      | Found Buluqah's Lightly-Used Armoury.
  6705 | D:6      | Bought a -3 demon trident for 1 gold piece
  7005 | D:6      | Reached skill level 8 in Spellcasting
  7267 | D:8      | Noticed a hippogriff
  7979 | D:8      | Got a blackened trident
  7980 | D:8      | Identified the +10 trident of Trial by Ordeal {freeze,
                  | *Slow rF+ rN+ SInv} (You found it on level 8 of the
                  | Dungeon)
  8085 | D:8      | Found a basalt altar of Yredelemnul.
  8155 | D:8      | Reached skill level 9 in Spellcasting
  8243 | D:8      | Reached XP level 9. HP: 64/64 MP: 12/22
  8312 | D:8      | Reached skill level 5 in Armour
  8528 | D:8      | Noticed an ice statue
  8902 | D:9      | Reached skill level 5 in Polearms
  8964 | D:9      | Learned a level 4 spell: Fulminant Prism
  8970 | D:9      | Learned a level 4 spell: Force Lance
  9019 | D:9      | Reached skill level 10 in Spellcasting
  9019 | D:9      | Reached skill level 1 in Translocations
  9052 | D:9      | Reached skill level 1 in Hexes
  9067 | D:9      | Noticed a troll
  9081 | D:9      | Killed a troll
  9175 | D:9      | Found an ornate altar of the Wu Jian Council.
  9284 | D:10     | Entered Level 10 of the Dungeon
  9303 | D:9      | Found a sparkling altar of Nemelex Xobeh.
  9321 | D:9      | Reached XP level 10. HP: 70/70 MP: 18/24
  9765 | D:10     | Noticed a white ugly thing
 10287 | D:10     | Noticed Fannar
 10322 | D:10     | Killed Fannar
 10348 | D:10     | Got an ancient marble ring
 10352 | D:10     | Identified the ring "Extenkuzau" {rPois Int+3} (You found
                  | it on level 10 of the Dungeon)
 10410 | D:10     | Noticed Harold
 10670 | D:10     | Learned a level 2 spell: Slow
 10850 | D:10     | Reached skill level 1 in Poison Magic
 11050 | D:10     | Killed a white ugly thing
 11050 | D:10     | Reached skill level 11 in Spellcasting
 11279 | D:10     | Noticed a gargoyle
 11290 | D:10     | Killed a gargoyle
 11341 | D:10     | Reached skill level 5 in Conjurations
 11455 | D:10     | Noticed an eight-headed hydra
 11467 | D:10     | Killed an eight-headed hydra
 12298 | D:10     | Reached XP level 11. HP: 60/75 MP: 12/26
 12446 | D:10     | Learned a level 5 spell: Venom Bolt
 12483 | D:10     | Found a staircase to the Orcish Mines.
 12497 | Orc:1    | Entered Level 1 of the Orcish Mines
 12821 | Orc:1    | Found a dark tunnel.
 12829 | Volcano  | Entered a volcano
 12896 | Volcano  | Reached skill level 12 in Spellcasting
 13574 | Volcano  | Noticed a centaur warrior
 13576 | Volcano  | Noticed a hell knight
 13740 | Volcano  | HP: 3/75 [centaur warrior/arrow (4)]
 13748 | Volcano  | Killed a centaur warrior
 14117 | Volcano  | Killed a hell knight
 14142 | Volcano  | Found a bloodstained altar of Trog.
 14358 | Orc:2    | Entered Level 2 of the Orcish Mines
 14358 | Orc:2    | Noticed an orc knight
 14660 | Orc:2    | Killed an orc knight
 14903 | Orc:2    | Found Myoffeck's Food Shoppe.
 15659 | Orc:2    | Found a roughly hewn altar of Beogh.
 15707 | Orc:2    | Reached skill level 13 in Spellcasting
 15811 | Orc:2    | Noticed Snorg
 15828 | Orc:2    | Killed Snorg
 16010 | Orc:2    | Found a staircase to the Elven Halls.
 16276 | Orc:2    | Noticed an orc knight
 16555 | Orc:2    | Found Oxuas's Magic Scroll Shoppe.
 16578 | Orc:2    | Killed an orc knight
 16578 | Orc:2    | Reached XP level 12. HP: 76/85 MP: 0/29
 16772 | Orc:2    | Reached skill level 5 in Fighting
 17154 | Orc:2    | Found Nuqaf's Food Emporium.
 17591 | Orc:2    | Noticed an orc high priest
 17598 | Orc:2    | Noticed an orc high priest
 17857 | Orc:2    | Killed an orc high priest
 18180 | Orc:2    | Noticed an orc high priest
 18567 | Orc:2    | Killed an orc high priest
 18567 | Orc:2    | Reached skill level 14 in Spellcasting
 18681 | Orc:2    | Noticed an orc high priest
 18698 | Orc:2    | Killed an orc high priest
 18932 | Orc:2    | Killed an orc high priest
 19101 | Orc:2    | Paralysed by an orc sorcerer for 7 turns
 19109 | Orc:2    | Mangled by an orc warrior

Levels and vault maps discovered:
D:1:      dpeg_arrival_rooms_with_view, layout_loops_ring
D:2:      layout_basic, gammafunk_temple_overflow_wave
D:3:      layout_loops_corners, gammafunk_ghost_smash, uniq_grinder, uniq_ijyb
D:4:      layout_cave_pools, lemuel_doored_altar,
          minmay_temple_entry_stoned_glass, first_ration
D:5:      layout_basic
D:6:      layout_cave_pools, columned_hall_lemuel, minmay_shop_damaged
D:7:      layout_cave_pools
D:8:      lemuel_ice_statue, layout_loops_ring, basic_altar
D:9:      layout_irregular_city, nicolae_overflow_crystal_walls, basic_altar,
          grunt_ogre_cave
D:10:     layout_grid_maze, david_orc_4, minmay_fractal_squares_gapless_7,
          uniq_harold, uniq_fannar
D:11:     layout_loops_cross, dpeg_lair_monsters
Temple:   regret_index_temple_mists
Orc:1:    layout_caves, basic_altar, enter_volcano_2
Orc:2:    pf_orc_diabolical, layout_diamond_mine, basic_altar, serial_shops,
          shop_fountains, uniq_snorg
Volcano:  volcano_grotto [vgs_many_chambers]

Skill      XL: |  1  2  3  4  5  6  7  8  9 10 11 12 |
---------------+-------------------------------------+-----
Conjurations   | 1 2 3 5 |  5.9
Fighting       | 1 3 4 6 |  6.8
Spellcasting   | 5 6 7 9 10 11 13 14 | 14.3
Polearms       | 1 2 4 5 6 |  6.0
Armour         | 1 2 4 5 6 7 |  7.8
Translocations | 2 3 |  3.0
Hexes          | 2 3 |  3.1
Poison Magic   | 3 4 |  4.0
Dodging        | 3 |  3.3
Stealth        | |  1.5
Summonings     | |  0.7
Fire Magic     | |  0.7
Air Magic      | |  0.6

Action                   |  1- 3 |  4- 6 |  7- 9 | 10-12 || total
-------------------------+-------+-------+-------+-------++-------
Melee: Unarmed           |     6 |       |       |       ||     6
       Spear             |    49 |    98 |       |       ||   147
       Trident           |       |    56 |   204 |   240 ||   500
       Demon trident     |       |       |   108 |       ||   108
       Staff             |       |       |       |     1 ||     1
 Cast: Magic Dart        |    37 |     2 |     5 |     1 ||    45
       Call Imp          |    28 |    76 |   121 |   137 ||   362
       Mephitic Cloud    |     2 |     1 |     6 |    35 ||    44
       Conjure Flame     |       |     5 |    22 |    11 ||    38
       Fulminant Prism   |       |       |       |   145 ||   145
       Slow              |       |       |       |    11 ||    11
       Force Lance       |       |       |       |     6 ||     6
       Blink             |       |       |       |     6 ||     6
       Venom Bolt        |       |       |       |    11 ||    11
Invok: Potion Petition   |       |       |       |     3 ||     3
  Use: Scroll            |       |     7 |     6 |     5 ||    18
 Stab: Sleeping          |     3 |     2 |       |       ||     5
       Confused          |     1 |       |     4 |    11 ||    16
       Distracted        |       |     1 |     4 |     3 ||     8
Armor: Robe              |    14 |     4 |       |    32 ||    50
       Ring mail         |       |    26 |    62 |    56 ||   144
Dodge: Dodged            |    23 |    52 |    62 |   129 ||   266

Table legend:
 A = Non-vault XP
 B = Vault XP
 C = Vault XP percentage of total XP
 D = Non-vault monster count
 E = Vault monster count
 F = Vault count percentage of total count
                 A         B        C        D         E       F
            +---------+---------+-------+---------+---------+-------
      Total |   11599 |   19347 |  62.5 |     257 |     101 |  28.2
            +---------+---------+-------+---------+---------+-------
        D:1 |      39 |       2 |   4.9 |      24 |       2 |   7.7
        D:2 |      73 |       0 |   0.0 |      20 |       0 |   0.0
        D:3 |      93 |     206 |  68.9 |      19 |       2 |   9.5
        D:4 |     365 |       0 |   0.0 |      20 |       0 |   0.0
        D:5 |     699 |       0 |   0.0 |      27 |       0 |   0.0
        D:6 |     530 |       0 |   0.0 |      15 |       0 |   0.0
        D:7 |     168 |       0 |   0.0 |      10 |       0 |   0.0
        D:8 |    1389 |       0 |   0.0 |      28 |       0 |   0.0
        D:9 |    2411 |     113 |   4.5 |      30 |       1 |   3.2
       D:10 |    2831 |    2146 |  43.1 |      24 |      20 |  45.5
      Orc:1 |     998 |       0 |   0.0 |      15 |       0 |   0.0
      Orc:2 |    2003 |   12481 |  86.2 |      25 |      55 |  68.8
    Volcano |       0 |    4399 | 100.0 |       0 |      21 | 100.0
            +---------+---------+-------+---------+---------+-------
